AoeStats
← NDF

MegaRandom

505353565Analyzed
1v1 RM · 23d ago on Sep 9, 2026· 27m 35s· 2 players
Game mode
Random Map
Map size
Tiny (2 player)
Population
200
Speed
Normal
Resources
Standard
Victory
Conquest
Starting age
Dark Age
Ending age
Imperial Age
RankedLock teamsTeams togetherTeam positionsShared explorationLock speedFull tech treeHidden civsTurbo modeCheats
Victory
Defeat
🇦🇷 Teutons · Argentina
494
+19
🇺🇸 Japanese · United States
549
-19
NDF
3:21 Loom
10:30 Feudal Age
14:32 Man-at-Arms
21:47 Castle Age
20:17 Double-Bit Axe
20:18 Horse Collar
20:36 Stone Mining
20:39 Gold Mining
23:01 Crossbowman
23:58 Elite Skirmisher
tax
10:37 Loom
12:22 Feudal Age
13:13 Man-at-Arms
14:56 Horse Collar
15:03 Double-Bit Axe
18:03 Castle Age
16:24 Forging
18:23 Man-at-Arms
18:49 Gambesons
19:04 Squires
20:19 Bow Saw
20:13 Heavy Plow
22:00 Gold Mining
22:06 Stone Mining
23:46 Scale Barding Armor
24:19 Iron Casting
23:44 Scale Mail Armor
Connection lost

Rejoining the realm…

Still unreachable

The connection could not be restored.

Session expired

The server has moved on; the page needs a fresh start.